 Dungeon Crawl Stone Soup version 0.25.1-2-g60ff931df9 (webtiles) character file.

Game seed: 4922524319371498004

530 Johnny the Digger (level 6, -1/45 HPs)
             Began as a Demigod Earth Elementalist on Oct 21, 2020.
             Slain by a gnoll
             ... wielding a +0 flail
              (5 damage)
             ... on level 4 of the Dungeon.
             The game lasted 00:04:13 (5336 turns).

Johnny the Digger (Demigod Earth Elementalist)      Turns: 5336, Time: 00:04:14

Health: -1/45      AC:  2    Str: 11    XL:     6   Next: 72%
Magic:  7/15       EV: 12    Int: 23    God:
Gold:   265        SH:  0    Dex: 16    Spells: 8/12 levels left

rFire    . . .     SeeInvis .   s - +2 dagger (venom)
rCold    . . .     Gourm    .   (no shield)
rNeg     . . .     Faith    .   c - +0 robe
rPois    .         Spirit   .   (no helmet)
rElec    .         Reflect  .   (no cloak)
rCorr    .         Harm     .   (no gloves)
MR       .....                  (no boots)
Stlth    ++........             (no amulet)
HPRegen  0.15/turn              (no ring)
MPRegen  0.14/turn              (no ring)

@: lethally poisoned (-1 -> -4)
A: high mp 1
a: no special abilities


You were on level 4 of the Dungeon.
You were not hungry.

You visited 1 branch of the dungeon, and saw 4 of its levels.

You collected 265 gold pieces.

Inventory:

Hand Weapons
 s - a +2 dagger of venom (weapon)
Missiles
 n - 134 stones (quivered)
Armour
 c - a +0 robe (worn)
Scrolls
 a - 3 scrolls of identify {unknown}
 f - a scroll of enchant weapon {unknown}
 g - a scroll of immolation {unknown}
 k - a scroll of enchant armour {unknown}
 l - 2 scrolls of teleportation {unknown}
 o - 2 scrolls of remove curse {unknown}
 p - 2 scrolls of blinking {unknown}
 q - a scroll of fear {unknown}
Potions
 b - a potion of mutation {unknown}
 e - a potion of invisibility {unknown}
 h - a potion of flight {unknown}
 i - 2 potions of curing {unknown}
 r - 2 potions of heal wounds {unknown}
Comestibles
 d - 3 rations
 m - 3 chunks of flesh


   Skills:
 - Level 1.7 Dodging
 - Level 1.7 Stealth
 + Level 3.9 Spellcasting
   Level 0.8 Transmutations
 * Level 6.2 Earth Magic


You had 8 spell levels left.
You knew the following spells:

 Your Spells              Type           Power        Failure   Level  Hunger
a - Sandblast             Erth           ####..       1%          1    None
b - Stone Arrow           Conj/Erth      ###...       9%          3    ##.....

Your spell library contained the following spells:

 Spells                   Type           Power        Failure   Level  Hunger
 Passwall                 Tmut/Erth      ###.....     3%          2    #......
 Lee's Rapid Deconstruct  Erth           ####......   22%         5    ######.
 Petrify                  Tmut/Erth      ###.....     24%         4    ####...


Dungeon Overview and Level Annotations

Branches:
Dungeon (4/15)
 Temple: D:4-7


Innate Abilities, Weirdness & Mutations

You have an increased reservoir of magic. (+10% MP)


Message History

Press: ? - help, Shift-Dir - straight line, f/p - worker ant
Aim: a worker ant (almost dead)
The blast of sand hits the worker ant!
You kill the worker ant!
n - 135 stones The gnoll hits you from afar with a +0 spear!
* * * LOW HITPOINT WARNING * * *
Casting: Sandblast (safe; 1% risk of failure)
Confirm with . or Enter, or press ? or * to list all spells.
Aiming: Sandblast (safe; 1% risk of failure)
Press: ? - help, Shift-Dir - straight line, f - gnoll
Aim: a gnoll, wielding a +0 flail The blast of sand hits the gnoll!
The gnoll is severely wounded.
n - 134 stones You feel sick.
The gnoll hits you from afar with a +0 spear!
* * * LOW HITPOINT WARNING * * *
The gnoll hits you with a +0 flail.
You die...

#............#
#.............
#.............
#.............
#.............
#....ag.......
###
#.g###........
#.# ##g#
#........ #.##
#@####..g....
#..# #..#
#.....# #..#
##.########..
#..####.....##
#.
#......)..#....
#.##...........
#.##......####
#.##......# .
#.##....#### #g
..


You could see 2 gnolls.

Vanquished Creatures
  Menkaure (D:4)
  An ogre (D:4)
  An orc priest (D:4)
  Jessica (D:3)
  2 worker ants (D:4)
  6 adders
  3 gnolls (D:3)
  An ooze (D:1)
  2 worms
  5 dart slugs
  6 leopard geckos
  9 orcs
  12 bats
  A giant cockroach (D:3)
  12 goblins
  13 hobgoblins
  4 jackals (D:2)
  A quokka (D:3)
  5 ball pythons
  2 frilled lizards
  8 kobolds
  15 rats
111 creatures vanquished.

Notes
Turn   | Place    | Note
-------+----------+-------------------------------------------
     0 | D:1      | Johnny the Demigod Earth Elementalist began the quest for
                  | the Orb.
     0 | D:1      | Reached XP level 1. HP: 14/14 MP: 5/5
    30 | D:1      | Reached skill level 3 in Earth Magic
   346 | D:1      | Reached XP level 2. HP: 16/20 MP: 5/7
  1185 | D:1      | Reached XP level 3. HP: 26/26 MP: 5/9
  1779 | D:2      | Learned a level 3 spell: Stone Arrow
  2072 | D:2      | Reached skill level 4 in Earth Magic
  2491 | D:2      | Found an ornate altar of the Wu Jian Council.
  2496 | D:2      | Found a stormy altar of Qazlal.
  2571 | D:2      | Reached XP level 4. HP: 26/33 MP: 2/10
  3300 | D:2      | Found a glowing golden altar of the Shining One.
  3929 | D:3      | Found a hide-covered altar of Uskayaw.
  3974 | D:3      | Reached XP level 5. HP: 33/38 MP: 3/12
  4284 | D:3      | Noticed Jessica
  4288 | D:3      | Killed Jessica
  4288 | D:3      | Reached skill level 5 in Earth Magic
  4289 | D:3      | Found an opulent altar of Gozag.
  4558 | D:3      | Found a sacrificial altar of Ru.
  4793 | D:4      | Noticed an ogre
  4798 | D:4      | Killed an ogre
  4997 | D:4      | Reached XP level 6. HP: 28/45 MP: 2/14
  5213 | D:4      | Noticed Menkaure
  5218 | D:4      | Killed Menkaure
  5218 | D:4      | Reached skill level 6 in Earth Magic
  5269 | D:4      | Found a snail-covered altar of Cheibriados.
  5336 | D:4      | Slain by a gnoll

Illustrated notes

Levels and vault maps discovered:
D:1:      saegor_arrival_simple_b, layout_basic, minmay_rat_gold_closets
D:2:      layout_basic, overflow_temple_1_default, minitemple, first_ration
D:3:      layout_loops_ring, old_standard_altar, lemuel_coloured_pillars_altar,
          nicolae_ru_path_of_blood, uniq_jessica
D:4:      layout_rooms, kennysheep_slug_shrine, uniq_menkaure

Skill      XL: |  1  2  3  4  5  6 |
---------------+-------------------+-----
Spellcasting   | 2 3 |  3.9
Earth Magic    | 3 4 5 6 |  6.2
Dodging        | |  1.7
Stealth        | |  1.7
Transmutations | |  0.8

Action                   |  1- 3 |  4- 6 || total
-------------------------+-------+-------++-------
Melee: Unarmed           |    11 |       ||    11
       Dagger            |    91 |    15 ||   106
       Whip              |       |    96 ||    96
 Cast: Sandblast         |    37 |    53 ||    90
       Stone Arrow       |     2 |     1 ||     3
 Stab: Sleeping          |     9 |     6 ||    15
  Eat: Chunk             |     5 |     9 ||    14
Armor: Robe              |    24 |    25 ||    49
Dodge: Dodged            |    72 |    88 ||   160
